 Dungeon Crawl Stone Soup version 0.18.1-48-g4cf74bf (webtiles) character file.

103 MirrMurr the Sneak (level 4, 0/21 HPs)
             Began as a Spriggan Enchanter on Sept 1, 2016.
             Was an Initiate of Ashenzari.
             Killed from afar by an orc wizard (6 damage)
             ... with a magic dart
             ... on level 4 of the Dungeon.
             The game lasted 00:08:25 (2993 turns).

MirrMurr the Sneak (Spriggan Enchanter)             Turns: 2993, Time: 00:08:26

Health: 0/21       AC:  3    Str:  9    XL:     4   Next: 51%
Magic:  7/10       EV: 18    Int: 16    God:    Ashenzari [......]
Gold:   207        SH:  2    Dex: 16    Spells: 4 memorised, 1 level left

rFire  . . .     SeeInvis +     a - +0 dagger (venom)
rCold  . . .     Gourm    .     o - +1 robe
rNeg   . . .     Faith    .     (shield restricted)
rPois  .         Spirit   .     (helmet restricted)
rElec  .         Dismiss  .     (no cloak)
rCorr  +         Reflect  +     (gloves unavailable)
SustAt .         Harm     .     (boots unavailable)
MR     .....                    g - +2 amulet of reflection
Stlth  ++++......               j - +4 ring of strength
                                e - ring of resist corrosion

@: very quick, not resistant to hostile enchantments, stealthy
A: unfitting armour, see invisible, herbivore 3, speed 3, slow metabolism 2
a: Curse Item, Renounce Religion


You were on level 4 of the Dungeon.
You worshipped Ashenzari.
Ashenzari was noncommittal.
You were not hungry.

You visited 2 branches of the dungeon, and saw 5 of its levels.

You collected 207 gold pieces.

Inventory:

Hand Weapons
 a - a +0 dagger of venom (weapon)
 b - a +1 dagger
Missiles
 k - 24 poisoned needles
 l - 125 stones (quivered)
 t - 2 throwing nets
Armour
 o - a +1 robe (worn)
Jewellery
 e - a ring of resist corrosion (left hand)
 g - a +2 amulet of reflection (around neck)
 j - a +4 ring of strength (right hand)
Scrolls
 i - a scroll of teleportation
 p - 2 scrolls of blinking
 v - a scroll of remove curse
Potions
 f - a potion of curing
 h - a potion of might
 m - a potion of invisibility
 n - a potion of magic {unknown}
 q - a potion of agility
 r - 2 potions of lignification {unknown}
 s - a potion of heal wounds {unknown}
 u - a potion of flight {unknown}
Books
 c - a book of Maledictions

   Spells                             Type                      Level
   a - Corona                         Hexes                        1
   b - Ensorcelled Hibernation        Hexes/Ice                    2
   c - Confuse                        Hexes                        3
   d - Tukima's Dance                 Hexes                        3
   e - Dazzling Spray                 Conjuration/Hexes            3
Comestibles
 d - 4 bread rations


   Skills:
 - Level 1.1 Short Blades
 - Level 3.0 Dodging
 + Level 7.3 Stealth
 + Level 3.9 Spellcasting
 - Level 3.6 Hexes


You had one spell level left.
You knew the following spells:

 Your Spells              Type           Power        Failure   Level  Hunger
a - Ensorcelled Hibernat  Hex/Ice        #.....       14%         2    ##.....
b - Confuse               Hex            ##......     12%         3    ###....
c - Corona                Hex            ##.....      4%          1    None
d - Dazzling Spray        Conj/Hex       #.....       28%         3    ###....


Dungeon Overview and Level Annotations

Branches:
Dungeon (4/15)             Temple (1/1) D:4

Altars:
Ashenzari
Cheibriados
Fedhas
Okawaru
Pakellas
Ru
Trog
Xom


Innate Abilities, Weirdness & Mutations

You are tiny and cannot use many weapons and most armour.
You have supernaturally acute eyesight.
You are a herbivore.
You cover ground extremely quickly.
You need consume almost no food.


Message History

The orc wizard barely misses you.
You hit the orc wizard.
The orc wizard is heavily wounded.
The orc wizard hits you with a dagger.
The orc wizard gestures at you while chanting.
The magic dart hits you!
* * * LOW HITPOINT WARNING * * *
The orc wizard drinks a potion.
The orc wizard is healed!
The orc wizard looks more healthy.
Casting: Ensorcelled Hibernation
Confirm with . or Enter, or press ? or * to list all spells.
Aiming: Dazzling Spray
Press: ? - help, Shift-Dir - straight line, f - orc wizard
Aim: an orc wizard, wielding a dagger and wearing a robe (lightly wounded)
The spray of energy hits the orc wizard.
The orc wizard is moderately wounded.
The orc wizard is dazzled.
The orc wizard points at you and mumbles some strange words.
The magic dart hits you!
You die...

# ##### #.# #.#
.>###########...# #.# #.#
#.<...oo..o.....# #.# #.#
...#...######..(# #.# #.#
#.)...# ##.## #.# #.#
...#...# #.###########.###.#
.. ##..# #.....)......)....#
.
#..#######.###########.#####
............@..........#
#.Z.......o#############
#..........# #..#########


You could see an orc wizard (blind).

Vanquished Creatures
  4 adders
  3 dart slugs
  5 orcs
  8 bats
  A giant cockroach (D:2)
  7 goblins
  4 hobgoblins
  3 jackals (D:2)
  A quokka (D:2)
  A ball python (D:1)
  13 kobolds
  5 rats
55 creatures vanquished.

Notes
Turn   | Place    | Note
--------------------------------------------------------------
     0 | D:1      | MirrMurr the Spriggan Enchanter began the quest for the Orb.
     0 | D:1      | Reached XP level 1. HP: 9/9 MP: 5/5
   301 | D:1      | Reached skill level 5 in Stealth
   485 | D:1      | Reached XP level 2. HP: 13/13 MP: 6/6
   565 | D:1      | Learned a level 2 spell: Ensorcelled Hibernation
   832 | D:2      | Reached skill level 6 in Stealth
  1066 | D:2      | Reached XP level 3. HP: 16/16 MP: 2/8
  1071 | D:2      | Learned a level 3 spell: Confuse
  1678 | D:3      | Found a bloodstained altar of Trog.
  1986 | D:4      | Reached skill level 7 in Stealth
  2016 | D:4      | Reached XP level 4. HP: 21/21 MP: 10/10
  2025 | D:4      | Learned a level 3 spell: Dazzling Spray
  2124 | D:3      | Found a sacrificial altar of Ru.
  2670 | D:4      | Found a staircase to the Ecumenical Temple.
  2679 | Temple   | Entered the Ecumenical Temple
  2749 | Temple   | Became a worshipper of Ashenzari the Shackled
  2993 | D:4      | Killed from afar by an orc wizard

Skill      XL: |  1  2  3 |
---------------+----------+-----
Stealth        | 5 6 7 |  7.3
Spellcasting   | 3 |  3.9
Short Blades   | |  1.1
Dodging        | |  3.0
Hexes          | |  3.6

Action                   |  1- 3 |  4- 6 || total
-------------------------+-------+-------++-------
Melee: Dagger            |    84 |    60 ||   144
 Cast: Ensorcelled Hiber |     2 |       ||     2
       Dazzling Spray    |       |     1 ||     1
  Use: Scroll            |    11 |       ||    11
       Potion            |     1 |       ||     1
 Stab: Sleeping          |    13 |     1 ||    14
       Distracted        |     1 |       ||     1
Armor: Robe              |    10 |     4 ||    14
Dodge: Dodged            |    90 |    46 ||   136
Block: Other             |       |     1 ||     1
